 Dungeon Crawl Stone Soup version 0.21.1-1-g345015f (webtiles) character file.

806 shakethe the Skirmisher (level 7, -3/57 HPs)
             Began as a Demonspawn Fighter on Feb 21, 2018.
             Was a Follower of Okawaru.
             Slain by an ogre
             ... wielding a +0 giant club
              (19 damage)
             ... on level 7 of the Dungeon.
             The game lasted 00:05:56 (4919 turns).

shakethe the Skirmisher (Demonspawn Fighter)        Turns: 4919, Time: 00:05:57

Health: -3/57      AC:  9    Str: 16      XL:     7   Next: 60%
Magic:  7/7        EV:  6    Int: 11      God:    Okawaru [*.....]
Gold:   222        SH: 12    Dex: 10 (13) Spells: 6/6 levels left

rFire    . . .     SeeInvis .   a - +0 war axe
rCold    . . .     Gourm    .   c - +0 shield
rNeg     . . .     Faith    .   b - +0 scale mail
rPois    .         Spirit   .   (helmet restricted)
rElec    .         Reflect  .   (no cloak)
rCorr    .         Harm     .   (no gloves)
MR       .....                  j - +1 pair of boots
Stlth    ..........             (no amulet)
HPRegen  0.19/turn              (no ring)
MPRegen  0.10/turn              (no ring)

@: no status effects
A: antennae 2, large bone plates 1, demonic guardian 2, powered by pain 1
a: Heroism, Renounce Religion


You were on level 7 of the Dungeon.
You worshipped Okawaru.
Okawaru was aware of your devotion.
You were near starving.

You visited 2 branches of the dungeon, and saw 8 of its levels.

You collected 222 gold pieces.

Inventory:

Hand Weapons
 a - a +0 war axe (weapon)
Armour
 b - a +0 scale mail (worn)
 c - a +0 shield (worn)
 j - a +1 pair of boots (worn)
   (You found it on level 1 of the Dungeon)
Magical Staves
 o - an uncursed staff of death {unknown}
   (You found it on level 2 of the Dungeon)
Jewellery
 g - a cursed -3 ring of evasion {unknown}
   (You found it on level 2 of the Dungeon)
Wands
 r - a wand of iceblast (7)
   (You found it on level 3 of the Dungeon)
 w - a wand of acid (9)
   (You found it on level 5 of the Dungeon)
Scrolls
 e - 6 scrolls of identify {unknown}
 h - 3 scrolls of blinking {unknown}
 i - 2 scrolls of remove curse {unknown}
 k - 3 scrolls of enchant armour {unknown}
 n - 2 scrolls of teleportation {unknown}
 p - a scroll of magic mapping {unknown}
 q - 2 scrolls of enchant weapon {unknown}
 t - 2 scrolls of fog {unknown}
 x - a scroll of amnesia {unknown}
Potions
 d - 2 potions of might
 l - 4 potions of curing {unknown}
 m - a potion of haste {unknown}
 u - 2 potions of brilliance {unknown}
 A - a potion of heal wounds {unknown}
Books
 s - a book of Dreams
   (You found it on level 3 of the Dungeon)
 v - a book of Misfortune
   (You found it on level 4 of the Dungeon)
Comestibles
 f - 15 rations


   Skills:
 + Level 5.8 Fighting
 + Level 4.7 Axes
 + Level 5.2 Armour
 - Level 2.6 Shields


You had 6 spell levels left.
You didn't know any spells.

Dungeon Overview and Level Annotations

Branches:
Dungeon (7/15)             Temple (1/1) D:5

Altars:
Dithmenos
Fedhas
Kikubaaqudgha
Makhleb
Nemelex Xobeh
Okawaru
Vehumet
Wu Jian
Yredelemnul
Zin


Innate Abilities, Weirdness & Mutations

You have a pair of antennae on your head.
You are partially covered in large bone plates. (SH +4)
A demonic guardian rushes to your aid.
You sometimes gain a little power by taking damage.


Message History

There is a stone staircase leading down here.
You climb downwards.
The jackal barks!
There is a stone staircase leading up here.
The orc priest looks encouraged for a moment.
Found a stone staircase leading down.
You swap places.
A sky beast comes into view.
The jackal bites your soul eater but does no damage.
Your soul eater barely misses the jackal.
The jackal barely misses your soul eater.
The jackal bites your soul eater but does no damage.
Your soul eater hits the jackal but does no damage.
The jackal bites your soul eater but does no damage.
Your soul eater closely misses the jackal.
The jackal bites your soul eater but does no damage.
The jackal bites your soul eater but does no damage.
Your soul eater hits the jackal!
The jackal dies!
The orc priest hits your soul eater but does no damage.
The sky beast flickers out of sight!
Deactivating autopickup; reactivate with Ctrl-A.
Your soul eater hits the orc priest!!
The orc priest dies!
Okawaru accepts your kill.
The orc wizard gestures at you while chanting.
The puff of flame hits your soul eater. Something hits you.
Something shocks you.
You take 10 damage, and have 46/56 hp.
You miss something.
Your soul eater hits the orc warrior.
Something hits you but does no damage.
The orc warrior hits your soul eater with a mace of holy wrath!
Your soul eater convulses!
Your soul eater misses the orc warrior.
Something hits you but does no damage.
You closely miss something.
The orc warrior hits your soul eater but does no damage.
Your soul eater hits the orc warrior.
Something hits you. Something shocks you.
You take 6 damage, and have 40/56 hp.
You hit something.
Your soul eater hits the orc warrior!
The orc warrior hits your soul eater with a mace of holy wrath!
Your soul eater convulses!
The orc wizard casts a spell.
The orc wizard seems to speed up.
Something hits you but does no damage.
Your soul eater hits the orc warrior but does no damage.
You hit something. The orc warrior misses your soul eater.
A sky beast appears from thin air!
Reactivating autopickup.
The sky beast hits you but does no damage.
Your soul eater hits the orc warrior!
The orc warrior dies!
Okawaru accepts your kill.
You feel your dexterity returning.
You miss the sky beast. The sky beast hits you. The sky beast shocks you.
Your soul eater hits the sky beast!
Your soul eater drains the sky beast! x2
You block the sky beast's attack.
You take 7 damage, and have 34/57 hp.
You slash the sky beast!
You kill the sky beast!
Okawaru is honoured by your kill.
You can now gain great but temporary skills.
You are near starving!
The orc wizard points at you and mumbles some strange words.
The puff of flame hits your soul eater.
Your soul eater appears unharmed.
Your soul eater closely misses the orc wizard.
The orc wizard closely misses your soul eater.
Your soul eater disappears in a puff of smoke!
You block the orc wizard's attack.
You see here a sky beast corpse.
You hit the orc wizard.
The orc wizard points at you and mumbles some strange words.
You block the puff of frost. You block the orc wizard's attack.
A shadow imp comes into view.
You hit the orc wizard but do no damage.
You closely miss the orc. The orc barely misses you.
The orc wizard hits you with a dagger.
The orc wizard hits you but does no damage.
You take 3 damage, and have 32/57 hp.
The orc completely misses you. You block the orc wizard's attack.
Your smoke demon hits the orc!
The orc dies!
Okawaru accepts your kill.
Unknown command.
You swap places.
The orc wizard hits your smoke demon but does no damage.
The orc wizard closely misses your smoke demon.
Your smoke demon hits the orc wizard.
Your smoke demon hits the orc wizard but does no damage.
Your smoke demon hits the orc wizard.
You hit the ogre.
The orc wizard hits your smoke demon with a dagger.
The ogre hits you with a giant club!
* * * LOW HITPOINT WARNING * * *
Your smoke demon hits the orc wizard but does no damage.
Your smoke demon closely misses the orc wizard.
Your smoke demon barely misses the orc wizard.
The orc wizard hits your smoke demon but does no damage.
The ogre hits you with a giant club!!
You die...

#.. ... ..5# ..
..# #> ..## .#
#..##.# #..≈.#
#†o### #3O<÷#
#@##).....#
.......###.....##
##..##. #......#
#. #. #..#.#...
.. ...#.# .# ..
#..# . . ... ....
.. ..#


You could see an ogre, an orc wizard and a friendly smoke demon.

Vanquished Creatures
  A sky beast (D:7)
  An ogre (D:5)
  A howler monkey (D:6)
  2 hounds
  An orc priest (D:4)
  A centaur skeleton (D:3)
  An orc wizard (D:3)
  An iguana (D:4)
  2 worker ants
  A gnoll (D:6)
  2 adders
  A shadow imp (D:2)
  An ooze (D:2)
  4 worms
  4 dart slugs
  5 leopard geckos
  17 orcs
  3 ball pythons
  11 bats
  5 giant cockroaches
  11 goblins
  11 hobgoblins
  9 jackals
  4 quokkas
  4 frilled lizards
  3 kobolds
  2 leopard gecko zombies (D:6)
  5 rats
114 creatures vanquished.

Vanquished Creatures (collateral kills)
  An orc warrior (D:7)
  2 centaurs (D:6)
  A crimson imp (D:5)
  An orc priest (D:7)
  A quasit (D:6)
  3 gnolls (D:6)
  An orc (D:7)
  A jackal (D:7)
11 creatures vanquished.

Grand Total: 125 creatures vanquished

Notes
Turn   | Place    | Note
-------+----------+-------------------------------------------
     0 | D:1      | shakethe the Demonspawn Fighter began the quest for the Orb.
     0 | D:1      | Reached XP level 1. HP: 18/18 MP: 1/1
    89 | D:1      | Reached skill level 2 in Axes
    94 | D:1      | Gained mutation: You are partially covered in large bone plates. (SH +4) [demonic ancestry]
    94 | D:1      | Reached XP level 2. HP: 13/24 MP: 2/2
   288 | D:1      | Reached skill level 3 in Armour
   459 | D:1      | Gained mutation: You have a pair of small antennae on your head. [demonic ancestry]
   459 | D:1      | Reached XP level 3. HP: 19/29 MP: 3/3
   792 | D:2      | Gained mutation: You sometimes gain a little power by taking damage. [demonic ancestry]
   792 | D:2      | Reached XP level 4. HP: 25/37 MP: 4/4
  1252 | D:2      | Reached skill level 4 in Fighting
  1300 | D:2      | Reached skill level 3 in Axes
  1353 | D:2      | Found a burning altar of Makhleb.
  1556 | D:3      | Gained mutation: You have a pair of antennae on your head. [demonic ancestry]
  1556 | D:3      | Reached XP level 5. HP: 38/42 MP: 5/5
  1624 | D:3      | Found an ancient bone altar of Kikubaaqudgha.
  1625 | D:3      | Found a blossoming altar of Fedhas.
  1748 | D:3      | Found a shadowy altar of Dithmenos.
  1967 | D:3      | Reached skill level 4 in Armour
  2242 | D:4      | Found a sparkling altar of Nemelex Xobeh.
  2254 | D:4      | HP: 4/43 [iguana (11)]
  2256 | D:4      | Gained mutation: A weak demonic guardian rushes to your aid. [demonic ancestry]
  2256 | D:4      | Reached XP level 6. HP: 4/49 MP: 6/6
  2962 | D:5      | Entered Level 5 of the Dungeon
  3434 | D:5      | Reached skill level 5 in Fighting
  3434 | D:5      | Reached skill level 4 in Axes
  3482 | D:5      | Found a radiant altar of Vehumet.
  3557 | D:5      | Found a staircase to the Ecumenical Temple.
  3620 | D:5      | Found a glowing silver altar of Zin.
  3647 | Temple   | Entered the Ecumenical Temple
  3679 | Temple   | Became a worshipper of Warmaster Okawaru
  3849 | D:5      | Found an ornate altar of the Wu Jian Council.
  4062 | D:6      | Found a basalt altar of Yredelemnul.
  4131 | D:6      | Gained mutation: A demonic guardian rushes to your aid. [demonic ancestry]
  4131 | D:6      | Reached XP level 7. HP: 43/56 MP: 7/7
  4372 | D:6      | Reached skill level 5 in Armour
  4632 | D:7      | HP: 8/56 [orc wizard/puff of frost (11)]
  4913 | D:7      | Reached * piety under Okawaru
  4919 | D:7      | Slain by an ogre

Skill      XL: |  1  2  3  4  5  6  7 |
---------------+----------------------+-----
Axes           | 2 3 4 |  4.7
Armour         | 3 4 5 |  5.2
Fighting       | 4 5 |  5.8
Shields        | |  2.6

Action                   |  1- 3 |  4- 6 |  7- 9 || total
-------------------------+-------+-------+-------++-------
Melee: War axe           |   113 |   245 |    45 ||   403
  Eat: Chunk             |       |    11 |     1 ||    12
Armor: Scale mail        |    56 |    75 |    49 ||   180
Dodge: Dodged            |    35 |    50 |    19 ||   104
Block: Shield            |   113 |   179 |    45 ||   337

Vault maps used:
D:1:      eino_arrival_cavern_c
D:2:      lemuel_round_altar
D:3:      grunt_temple_overflow_growth_and_decay,
          grunt_dithmenos_smoke_and_mirrors
D:4:      nemelex_xobeh_ov_fountains_minmay
D:5:      marbit_many_paths, lemuel_coloured_pillars_altar,
          nicolae_overflow_crystal_walls, minmay_temple_entry_nine_rooms,
          first_ration, grunt_decor_resistance
D:6:      kennysheep_mini
D:7:      lemuel_crystal_altar, kennysheep_generic_room_4
Temple:   nicolae_temple_figure_zero

Table legend:
 A = Turns spent in this place as a percentage of turns spent in the entire game.
 B = Non-inter-level travel turns spent in this place as a percentage of non-inter-level travel turns spent in the entire game.
 C = Inter-level travel turns spent in this place as a percentage of turns spent in this place.
 D = Turns resting spent in this place as a percentage of non-inter-level travel turns spent in this place.
 E = Turns spent auto-exploring this place as a percentage of non-inter-level travel turns spent in this place.
 F = Non-inter-level travel turns spent in this place divided by the number of levels of this place that you've seen.
                   A       B       C       D       E      F
               +-------+-------+-------+-------+-------+----------------------
         Total | 100.0 | 100.0 |   1.6 |  22.7 |  57.9 | 604.9
       Dungeon |  98.8 |  98.8 |   1.6 |  22.9 |  58.0 | 683.1
        Temple |   1.2 |   1.2 |   0.0 |   0.0 |  45.6 |  57.0
               +-------+-------+-------+-------+-------+----------------------

Table legend:
 A = Kills in this place as a percentage of kills in entire the game.
 B = Kills by you in this place as a percentage of kills by you in the entire game.
 C = Kills by friends in this place as a percentage of kills by friends in the entire game.
 D = Other kills in this place as a percentage of other kills in the entire game.
 E = Experience gained in this place as a percentage of experience gained in the entire game.
 F = Experience gained in this place divided by the number of levels of this place that you have seen.
                   A       B       C       D       E      F
               +-------+-------+-------+-------+-------+----------------------
         Total | 100.0 | 100.0 | 100.0 |   N/A | 100.0 | 144.0
       Dungeon | 100.0 | 100.0 | 100.0 |   N/A | 100.0 | 164.6
               +-------+-------+-------+-------+-------+----------------------
